 Dungeon Crawl Stone Soup version 0.23-a0-650-ga4d50d4 (webtiles) character file.

47 Borgoz the Cutter (level 3, -2/24 HPs)
             Began as a Kobold Berserker on Jan 2, 2019.
             Was a Believer of Trog.
             Slain by Robin
             ... wielding a +1 falchion of freezing
              (4 damage)
             ... on level 2 of the Dungeon.
             The game lasted 00:07:13 (2075 turns).

Borgoz the Cutter (Kobold Berserker)                Turns: 2075, Time: 00:07:14

Health: -2/24      AC:  2    Str: 14    XL:     3   Next: 97%
Magic:  3/3        EV: 15    Int:  8    God:    Trog [**....]
Gold:   121        SH:  0    Dex: 13    Spells: 2/2 levels left

rFire    . . .     SeeInvis .   a - +0 short sword
rCold    . . .     Gourm    .   (shield restricted)
rNeg     . . .     Faith    .   b - +0 animal skin
rPois    .         Spirit   .   (no helmet)
rElec    .         Reflect  .   (no cloak)
rCorr    .         Harm     .   (no gloves)
MR       .....                  (no boots)
Stlth    +.........             (no amulet)
HPRegen  0.08/turn              g - -2 ring of dexterity (curse)
MPRegen  0.08/turn              (no ring)

@: no status effects
A: small, carnivore
a: Berserk, Trog's Hand, Renounce Religion


You were on level 2 of the Dungeon.
You worshipped Trog.
Trog was pleased with you.
You were not hungry.

You visited 1 branch of the dungeon, and saw 2 of its levels.

You collected 121 gold pieces.

Inventory:

Hand Weapons
 a - a +0 short sword (weapon)
Armour
 b - a +0 animal skin (worn)
Jewellery
 g - a cursed -2 ring of dexterity (left hand)
Scrolls
 d - a scroll of immolation {unknown}
 f - a scroll of magic mapping {unknown}
 h - a scroll of teleportation {unknown}
Potions
 e - 2 potions of might {unknown}
Comestibles
 c - a ration


   Skills:
 + Level 3.9 Fighting
 + Level 5.0 Short Blades
 + Level 1.8 Armour
 + Level 2.9 Dodging
 + Level 0.3 Stealth


You had 2 spell levels left.
You didn't know any spells.
Your spell library was empty.

Dungeon Overview and Level Annotations

Branches:
Dungeon (2/15)

Altars:

Annotations:
D:2 Robin


Innate Abilities, Weirdness & Mutations

You are small and have problems with some larger weapons.
You are carnivorous and can eat meat at any time.


Message History

Robin hits you with a +1 falchion of freezing.
Robin freezes you.
You hit the goblin.
You kill the goblin!
Trog accepts your kill. Robin misses you. Robin throws the goblin at you!
* * * LOW HITPOINT WARNING * * *
You see here a cursed +0 club.
The goblin hits you with a +0 club.
* * * LOW HITPOINT WARNING * * *
You hit the goblin but do no damage. The goblin closely misses you.
You closely miss the goblin. The goblin misses you.
You hit the goblin.
You kill the goblin!
Trog accepts your kill.
You hit Robin but do no damage.
Robin is heavily wounded.
Robin hits you with a +1 falchion of freezing.
You die...

#...g.g.((.(.........#
#...ggw##............#
#####'###............#
#g# #............# #g#
#...†........# #g#
#............# #.#
#...)........#
#####g################
#...#@g.......#
#.#.#########.#
#...........#.#
###.#######.#.#
#...........#.#
#...........#.#
#...........#.#
#...........#.#
#...........#.#


You could see Robin, a dart slug, 3 hobgoblins and 3 goblins.

Vanquished Creatures
  An ooze (D:1)
  2 dart slugs
  2 bats
  2 giant cockroaches (D:1)
  9 goblins
  3 hobgoblins (D:1)
  4 jackals (D:1)
  3 kobolds (D:1)
  A ball python (D:2)
  3 frilled lizards
  6 rats
36 creatures vanquished.

Notes
Turn   | Place    | Note
-------+----------+-------------------------------------------
     0 | D:1      | Borgoz the Kobold Berserker began the quest for the Orb.
     0 | D:1      | Reached XP level 1. HP: 14/14 MP: 1/1
   102 | D:1      | Reached XP level 2. HP: 4/19 MP: 2/2
   782 | D:1      | Reached XP level 3. HP: 22/24 MP: 3/3
  1883 | D:2      | Reached ** piety under Trog
  1894 | D:2      | Reached skill level 5 in Short Blades
  1903 | D:2      | Noticed Robin
  2075 | D:2      | Slain by Robin

Vault maps used:
D:1:      minmay_arrival_arboretum_small
D:2:      uniq_robin, uniq_natasha, uniq_crazy_yiuf_cottage

Skill      XL: |  1  2  3 |
---------------+----------+-----
Short Blades   | 5 |  5.0
Fighting       | |  3.9
Armour         | |  1.8
Dodging        | |  2.9
Stealth        | |  0.3

Action                   || total
-------------------------++-------
Melee: Short sword       ||   132
 Stab: Sleeping          ||     2
  Eat: Chunk             ||     5
Armor: Animal skin       ||    12
Dodge: Dodged            ||   109

Table legend:
 A = Non-vault XP
 B = Vault XP
 C = Vault XP percentage of total XP
 D = Non-vault monster count
 E = Vault monster count
 F = Vault count percentage of total count
                 A         B        C        D         E       F
            +---------+---------+-------+---------+---------+-------
      Total |      61 |       7 |  10.3 |      32 |       4 |  11.1
            +---------+---------+-------+---------+---------+-------
        D:1 |      47 |       0 |   0.0 |      23 |       0 |   0.0
        D:2 |      14 |       7 |  33.3 |       9 |       4 |  30.8
            +---------+---------+-------+---------+---------+-------
